 Dungeon Crawl Stone Soup version 0.28.0-1-gb440e238dd (webtiles) character file.

Game seed: 5969170960857946833

18 zeram the Skirmisher (level 2, -5/19 HPs)
             Began as a Gargoyle Fighter on Feb 26, 2022.
             Slain by a gnoll (9 damage)
             ... on level 1 of the Dungeon.
             The game lasted 00:01:10 (892 turns).

zeram the Skirmisher (Gargoyle Fighter)              Turns: 892, Time: 00:01:11

Health: -5/19      AC: 10    Str: 19    XL:     2   Next: 70%
Magic:  2/2        EV:  9    Int:  8    God:
Gold:   50         SH:  4    Dex:  9    Spells: 1/1 levels left

rFire   . . .      SeeInvis .   a - +0 flail
rCold   . . .      Faith    .   c - +0 buckler
rNeg    + . .      Spirit   .   b - +0 scale mail
rPois   ∞          Reflect  .   g - +0 helmet
rElec   +          Harm     .   (no cloak)
rCorr   .          Rampage  .   (no gloves)
Will    .....                   (no boots)
Stlth   ..........              (no amulet)
HPRegen 0.06/turn               (no ring)
MPRegen 0.08/turn               (no ring)

@: brilliant
A: sickness immunity, AC +2, negative energy resistance 1, electricity
resistance, torment resistance 1, petrification resistance
a: no special abilities


You were on level 1 of the Dungeon.
You visited 1 branch of the dungeon, and saw 2 of its levels.

You collected 50 gold pieces.

Inventory:

Hand Weapons
 a - a +0 flail (weapon)
Armour
 b - a +0 scale mail (worn)
 c - a +0 buckler (worn)
 g - a +0 helmet (worn)
Potions
 d - a potion of might
 e - 2 potions of curing


   Skills:
 + Level 3.6 Fighting
 + Level 2.2 Maces & Flails
 + Level 3.5 Armour
 + Level 0.1 Dodging
 + Level 3.5 Shields


You had one spell level left.
You didn't know any spells.
Your spell library contained the following spells:

 Spells                   Type           Power      Damage    Failure   Level
 Passage of Golubria      Tloc           0%         N/A       100%        4
 Silence                  Hex/Air        0%         N/A       100%        5
 Lehudib's Crystal Spear  Conj/Erth      0%         10d2      100%        8


Dungeon Overview and Level Annotations

Branches:
Dungeon (2/15)

Altars:


Innate Abilities, Weirdness & Mutations

You are immune to sickness and miasma.
Your stone body is resilient. (AC +2)
You are immune to poison.
You resist negative energy. (rN+)
You are resistant to electric shocks. (rElec)
You are resistant to unholy torment.
You are immune to petrification.


Message History

A gnoll is nearby!
A gnoll is nearby!
A hobgoblin comes into view.
A gnoll comes into view. It is wielding a +0 whip.
A gnoll comes into view. It is wielding a +0 whip.
The gnoll shouts! x2; The hobgoblin shouts!
A gnoll comes into view. It is wielding a +0 spear.
The gnoll hits you but does no damage.
The gnoll shouts!
You hit the gnoll.
The gnoll is moderately wounded.
You block the hobgoblin's attack.
There is a stone staircase leading up here.
The gnoll barely misses you. The gnoll hits you with a +0 whip.
You block the gnoll's attack.
You climb upwards.
There is a stone staircase leading down here.
You sock the gnoll!
The gnoll is almost dead.
The gnoll hits you with a +3 whip of venom.
The gnoll hits you with a +0 whip.
You closely miss the gnoll.
The gnoll is almost dead.
The gnoll hits you with a +3 whip of venom.
The gnoll hits you but does no damage.
The gnoll hits you with a +3 whip of venom.
* * * LOW HITPOINT WARNING * * *
You are too injured to fight recklessly!
You are too injured to fight recklessly!
You are too injured to fight recklessly!
You hit the gnoll.
The gnoll is heavily wounded.
The gnoll closely misses you.
You barely miss the gnoll.
The gnoll is heavily wounded.
The gnoll barely misses you. The gnoll closely misses you.
You sock the gnoll!
You kill the gnoll!
The gnoll hits you with a +3 whip of venom!
You die...

#.#
###########...)###...
#.#
#.........#..........
#.#
#.#######.#....##''''
#.# #.#
#......###.#.''''
#.## #.# #.###..#
#.#.''_' #..## #)#
#.# #..# #...''''
##.#.###.###.#
#..###...''''
##.###.#...##.#
#......###... #.##
##...>g@.# ##.#####
##.#
##.###.#..[#######.#
#.# ##.#.###.##
#.....# #.# #..## #.#
#.....# #.#
#..####.## #.....#
#.# #........#
#.....# #.#
##.##.##.# #...>.#
#.# #.##.##.# ###.###
#.# #####.##.##.# #.#
#.#


You could see a gnoll.

Vanquished Creatures
  A gnoll (D:1)
  A bat (D:1)
  3 endoplasms (D:1)
  A giant cockroach (D:1)
  2 goblins (D:1)
  A hobgoblin (D:1)
  2 quokkas (D:1)
  3 frilled lizards (D:1)
  2 kobolds (D:1)
  A rat (D:1)
17 creatures vanquished.

Notes
Turn   | Place    | Note
-------+----------+-------------------------------------------
     0 | D:1      | zeram the Gargoyle Fighter began the quest for the Orb.
     0 | D:1      | Reached XP level 1. HP: 14/14 MP: 1/1
   155 | D:1      | Found a faded altar of an unknown god.
   381 | D:1      | Reached XP level 2. HP: 16/19 MP: 2/2
   892 | D:1      | Slain by a gnoll

Illustrated notes

Levels and vault maps discovered:
D:1:      dpeg_arrival_simpleton_b, layout_loops_ring,
          hellmonk_ecumenical_altar_heavens_door
D:2:      layout_rooms

Action                   || total
-------------------------++-------
Melee: Flail             ||    47
  Use: Scroll            ||     2
       Potion            ||     1
Armor: Scale mail        ||    14
Dodge: Dodged            ||    28
Block: Buckler           ||     7
